Map: Hecate LE

Players

UNSCONI

  • Race: Terran Terran
  • League: Diamond
  • Spawn Location: 1:00

Subwayeatn - Winner!

  • Race: Zerg Zerg
  • League: Platinum
  • Spawn Location: 7:00

VOD

Have the link to the VOD?

Description

Time

  • Played on: Nov. 3, 2023, 3:06 p.m.
  • Length: 11:48
Show
View Real Time Build Order
Export as new Build Order

UNSCONI Terran 

Build Orders: Reaper Expand 

Get SALT Encoding   

  12  0:01  SCV  
  13  0:13  SCV  
  14  0:18  Supply Depot  
  14  0:25  SCV  
  15  0:39  SCV  
  15  0:40  Barracks  
  16  0:45  Refinery  
  16  0:51  SCV  
  17  1:03  SCV  
  18  1:15  SCV  
  19  1:28  Orbital Command  
  19  1:29  Reaper  
  20  1:43  Command Center  
  20  1:49  Supply Depot  
  20  1:59  SCV  
  21  2:11  Factory, SCV  
  22  2:16  Marine  
  23  2:23  SCV  
  24  2:34  Refinery  
  24  2:35  Barracks Reactor  
  24  2:44  SCV  
  25  2:53  Command Center  
  25  3:00  SCV  
  26  3:06  Starport  
  26  3:07  Orbital Command  
  26  3:14  SCV  
  27  3:21  Hellion x2  
  27  3:26  SCV  
  32  3:29  Barracks Tech Lab  
  32  3:32  SCV  
  33  3:39  SCV  
  34  3:44  Hellion  
  34  3:45  Starport Reactor, Hellion  
  34  3:48  Barracks  
  38  3:49  SCV  
  38  3:51  SCV  
  40  4:01  SCV  
  41  4:03  SCV  
  40  4:10  Supply Depot  
  40  4:12  Orbital Command  
  40  4:13  Hellion, SCV  
  40  4:14  Hellion  
  45  4:17  SCV  
  46  4:25  SCV  
  46  4:29  Engineering Bay  
  46  4:30  SCV  
  48  4:35  Engineering Bay  
  48  4:37  SCV  
  49  4:42  Stimpack, SCV  
  49  4:43  Barracks  
  49  4:44  SCV  
  51  4:50  SCV, Refinery  
  52  4:53  Factory Tech Lab  
  52  4:54  SCV  
  52  4:56  SCV  
  52  4:58  Orbital Command  
  54  5:03  Terran Infantry Weapons Level 1, Terran Infantry Armor Level 1  
  54  5:05  SCV  
  56  5:07  SCV, Refinery  
  56  5:13  Armory  
  56  5:17  SCV  
  56  5:19  SCV  
  56  5:20  Marine x3  
  61  5:26  SCV  
  62  5:29  SCV  
  62  5:31  SCV  
  62  5:34  Supply Depot  
  64  5:38  Barracks Reactor, Supply Depot  
  64  5:40  Barracks  
  64  5:41  SCV  
  65  5:45  Barracks  
  65  5:47  SCV  
  64  5:59  SCV x3  
  67  6:05  Marauder, Marine x2  
  67  6:07  Siege Tank  
  67  6:11  SCV x3  
  77  6:21  Marine  
  77  6:22  Marine  
  77  6:23  Medivac, SCV x3, Engineering Bay  
  84  6:26  Supply Depot  
  84  6:27  Combat Shield  
  84  6:31  Barracks Tech Lab  
  84  6:33  Barracks Reactor  
  84  6:38  SCV  
  84  6:39  Refinery  
  85  6:44  Terran Vehicle Weapons Level 1  
  85  6:47  SCV x2, Medivac  
  85  6:50  Supply Depot, SCV  
  90  6:55  Marine x3, Refinery  
  90  6:58  Engineering Bay  
  93  7:12  Siege Tank, Medivac, Marine x2, SCV  
  93  7:14  Supply Depot  
  101  7:17  SCV x2, Marine x3  
  101  7:18  Supply Depot  
  101  7:20  Supply Depot  
  106  7:24  Terran Infantry Weapons Level 2, Terran Infantry Armor Level 2, SCV  
  106  7:28  Supply Depot  
  106  7:29  SCV x2  
  109  7:36  SCV, Marine x6  
  115  7:37  Supply Depot  
  116  7:45  Armory  
  116  7:49  SCV  
  117  7:53  SCV  
  117  7:54  Command Center, SCV  
  119  8:01  Supply Depot  
  119  8:04  SCV  
  120  8:05  SCV  
  120  8:06  SCV  
  120  8:07  Siege Tank  
  120  8:09  Concussive Shells  
  125  8:16  SCV  
  125  8:18  SCV  
  127  8:37  Supply Depot  
  127  8:39  Command Center  
  127  8:40  Supply Depot  
  127  8:47  Terran Vehicle Weapons Level 2  
  127  8:48  Terran Vehicle And Ship Armor Level 1  
  127  9:01  Marauder x2, Marine x4  
  127  9:02  Marine x2  
  137  9:10  Barracks x2  
  137  9:11  Barracks  
  137  9:14  Refinery  
  137  9:17  Refinery  
  137  9:19  Marine  
  138  9:25  Command Center  
  138  9:27  Supply Depot  
  137  9:32  Planetary Fortress  
  136  9:40  Marine x2  
  136  9:41  Marine x2, Marauder x2  
  136  9:42  Marine x2  
  146  9:52  Supply Depot  
  146  9:53  Factory  
  146  9:58  SCV x3, Starport  
  149  10:03  Barracks Tech Lab  
  149  10:04  Barracks Reactor x2  
  149  10:05  Siege Tank  
  152  10:10  SCV x3  
  155  10:17  SCV  
  155  10:19  Factory  
  156  10:22  SCV x3  
  156  10:25  Planetary Fortress  
  159  10:32  Marauder x3, Marine x5  
  159  10:33  Marine  
  120  11:15  Marauder, Marine x2  
  120  11:16  Marauder x2, Marine x4  
  120  11:18  Marine x3  
  127  11:19  Marine  
  127  11:20  Starport Reactor  
Show
View Real Time Build Order
Export as new Build Order

Subwayeatn Zerg - Winner!

Build Orders: Hatch First 

Get SALT Encoding   

  12  0:00  Drone  
  13  0:12  Overlord  
  13  0:18  Drone  
  14  0:32  Drone x2  
  16  0:48  Hatchery  
  15  0:52  Drone  
  15  0:55  Drone  
  17  0:59  Drone  
  17  1:04  Extractor  
  17  1:15  Spawning Pool  
  16  1:19  Drone  
  16  1:22  Drone  
  18  1:29  Drone  
  19  1:42  Drone  
  20  1:55  Overlord  
  20  2:02  Queen x2  
  20  2:04  Zergling x2  
  20  2:05  Zergling x2  
  26  2:13  Zergling x4  
  28  2:22  Metabolic Boost  
  30  2:30  Drone x2  
  29  2:50  Drone x4  
  33  2:52  Queen  
  35  2:59  Baneling Nest  
  35  3:00  Overlord  
  34  3:09  Drone x2  
  36  3:18  Zergling x2  
  36  3:19  Zergling x2  
  38  3:24  Lair  
  38  3:29  Drone x5  
  43  3:46  Drone, Overlord  
  43  3:47  Extractor  
  43  3:53  Hatchery  
  43  3:54  Extractor  
  40  4:09  Zergling x6  
  43  4:13  Zergling x6  
  43  4:14  Drone x2  
  43  4:15  Drone  
  49  4:20  Drone  
  49  4:24  Centrifugal Hooks  
  50  4:29  Overlord  
  50  4:30  Overlord  
  50  4:37  Overlord  
  50  4:42  Drone  
  51  4:51  Drone x7, Hydralisk Den  
  57  4:58  Extractor  
  57  4:59  Extractor  
  53  5:12  Evolution Chamber  
  53  5:13  Evolution Chamber  
  51  5:15  Queen  
  53  5:27  Drone x4  
  57  5:28  Infestation Pit  
  57  5:29  Drone x3  
  57  5:30  Drone x3  
  57  5:32  Drone x2, Spine Crawler  
  63  5:39  Zerg Melee Weapons Level 1, Zerg Missile Weapons Level 1  
  62  6:02  Drone x2  
  62  6:04  Overlord  
  62  6:10  Spine Crawler  
  61  6:11  Drone x5  
  61  6:12  Drone x8  
  74  6:21  Queen  
  76  6:27  Grooved Spines  
  76  6:28  Hydralisk  
  76  6:29  Hydralisk x2  
  82  6:47  Overlord x2  
  82  6:49  Overlord  
  82  6:57  Pneumatized Carapace, Extractor  
  81  7:09  Hatchery  
  81  7:10  Zergling x12  
  81  7:11  Zergling x14  
  81  7:15  Hive  
  93  7:17  Muscular Augments  
  93  7:23  Drone x3  
  93  7:24  Drone  
  93  7:25  Drone x3  
  100  7:34  Overseer  
  100  7:41  Burrow  
  100  7:44  Hydralisk x3  
  100  7:47  Baneling  
  100  7:48  Baneling x9  
  100  7:49  Baneling  
  100  7:50  Baneling x15  
  106  7:52  Overlord x4  
  106  7:57  Baneling x4  
  106  7:58  Baneling x6  
  106  8:03  Overlord x2  
  106  8:10  Zergling x2  
  106  8:12  Overlord  
  107  8:14  Overlord  
  107  8:19  Zerg Melee Weapons Level 2, Zerg Missile Weapons Level 2  
  107  8:27  Overlord  
  107  8:29  Drone x10  
  107  8:34  Queen  
  117  8:39  Extractor  
  117  8:41  Ultralisk Cavern  
  117  8:44  Extractor  
  116  8:49  Overlord  
  116  8:50  Overlord x2  
  116  8:55  Zergling x4  
  118  8:56  Zergling x4  
  118  8:57  Zergling x4  
  118  9:01  Drone x2  
  118  9:02  Drone  
  125  9:03  Drone x2  
  125  9:04  Drone  
  125  9:05  Drone x2  
  125  9:06  Drone x5  
  135  9:18  Drone x2  
  137  9:26  Overseer  
  137  9:27  Spine Crawler  
  136  9:33  Ultralisk x4  
  158  9:51  Drone x2  
  158  9:52  Spine Crawler  
  159  9:53  Spine Crawler  
  159  9:56  Hatchery  
  159  9:57  Extractor  
  156  10:00  Spine Crawler  
  156  10:03  Spine Crawler  
  156  10:06  Ultralisk  
  156  10:07  Ultralisk x3  
  178  10:16  Chitinous Plating  
  178  10:24  Spore Crawler  
  178  10:25  Spore Crawler  
  178  10:26  Ultralisk  
  182  10:34  Overlord  
  182  10:41  Ultralisk  
  185  11:12  Zergling x24  
  185  11:13  Zergling x10  
  187  11:42  Extractor, Hatchery  
  187  11:43  Extractor  
Tags
 
Add a new tag
Caveats
  • Supply blocks, unpowered buildings, or Contaminate may cause inaccurate times.
  • Supply counts are checked every 10 seconds.